[Event "*** Titled Tuesday Blitz"]
[Site "Chess.com"]
[Date "2020.01.07"]
[Round "4"]
[White "TypeThreeWaffles"]
[Black "LarissaSteenbekkers"]
[Result "1-0"]
[WhiteElo "2477"]
[BlackElo "1709"]
[TimeControl "180+2"]
[EndTime "13:51:24 PST"]
[Termination "TypeThreeWaffles won by resignation"]

1. e4 e6 2. d4 d5 3. Nc3 Bb4 4. e5 Ne7 5. a3 Bxc3+ 6. bxc3 c5 7. Qg4 Qc7 8. Qxg7 Rg8 9. Qxh7 cxd4 10. Qd3 Qxe5+ 11. Ne2 dxc3 12. Qxc3 Qxc3+ 13. Nxc3 Nbc6 14. Bb2 Bd7 15. h4 Rc8 16. h5 e5 17. h6 d4 18. Ne4 Bf5 19. Nf6+ Kf8 20. Nxg8 Kxg8 21.
Bd3 e4 22. Be2 Kh7 23. g4 Bg6 24. f4 exf3 25. Bxf3 Bxc2 26. Rc1 d3 27. Be4+ Ng6 28. Kd2 Na5 29. Bd5 Rc7 30. Rcf1 Kg8 31. h7+ 1-0

[Event "*** Titled Tuesday Blitz"]
[Site "Chess.com"]
[Date "2020.01.07"]
[Round "4"]
[White "PotapovaM"]
[Black "Playgood28"]
[Result "1-0"]
[WhiteElo "2504"]
[BlackElo "2285"]
[TimeControl "180+2"]
[EndTime "13:51:31 PST"]
[Termination "PotapovaM won by resignation"]

1. d4 f5 2. e4 fxe4 3. Nc3 Nf6 4.
Bg5 Nc6 5. d5 Ne5 6. Qe2 Nf7 7.
h4 c6 8. O-O-O d6 9. Bxf6 gxf6 10. Qxe4 Qb6 11. Nf3 Qxf2 12. dxc6 Rb8 13. Bb5 Kd8 14.
c7+ Kxc7 15. Qc4+ Kd8 16. Qxf7 Bd7 17. Bxd7 Kxd7 18. Ne5+ Kd8 19. Rxd6+ 1-0

[Event "*** Titled Tuesday Blitz"]
[Site "Chess.com"]
[Date "2020.01.07"]
[Round "4"]
[White "Korchmar_Vasiliy"]
[Black "Duhless"]
[Result "0-1"]
[WhiteElo "2793"]
[BlackElo "3117"]
[TimeControl "180+2"]
[EndTime "13:51:38 PST"]
[Termination "Duhless won by resignation"]

1. d4 d5 2. Nf3 Nf6 3. Bf4 Bf5 4. e3 e6 5. Nbd2 Bd6 6. Ne5 Nbd7 7. Be2 O-O 8. g4 Be4 9. f3 Bg6 10. h4 h5 11. Nxg6 fxg6 12. Bxd6 cxd6 13. Bd3 hxg4 14.
fxg4 Ne4 15. Bxe4 dxe4 16. Qe2 Qa5 17. a3 Rac8 18. O-O-O Nb6 19. g5 Na4 20. Kb1 Nxb2 21. Kxb2 Qc3+ 22. Kb1 Qxc2+ 23. Ka1 Rc3 0-1

[Event "*** Titled Tuesday Blitz"]
[Site "Chess.com"]
[Date "2020.01.07"]
[Round "4"]
[White "FrogMist"]
[Black "NTBT_DHS"]
[Result "0-1"]
[WhiteElo "2414"]
[BlackElo "2633"]
[TimeControl "180+2"]
[EndTime "13:51:41 PST"]
[Termination "NTBT_DHS won by resignation"]

1. e4 g6 2. d4 Bg7 3. Nf3 d6 4.
Be3 Nf6 5. Nc3 a6 6. Qd2 Bg4 7. Bh6 Bxh6 8. Qxh6 Bxf3 9. gxf3 c6 10. O-O-O Qa5 11.
Bc4 Nbd7 12. a3 b5 13. Qg7 O-O-O 14. Bxf7 b4 15. axb4 Qg5+ 16. Kb1 Nh5 17. h4 Qf4 18. Ne2 Qxf3 19. Qh6 Qxf7 20. d5 c5 21. bxc5 Nxc5 22. Nd4 Qf4 23. Qxf4 Nxf4 24. Nc6 Rd7 25. b4 Na4 26.
Rd4 Rc7 27. Ka2 e5 28. Rd2 Nc3+ 29. Kb3 Nxe4 30. Rdd1 Nxf2 31. Ra1 Nxh1 32. Rxh1 Nxd5 0-1

[Event "*** Titled Tuesday Blitz"]
[Site "Chess.com"]
[Date "2020.01.07"]
[Round "4"]
[White "PNEPaul"]
[Black "Chessalary"]
[Result "0-1"]
[WhiteElo "1812"]
[BlackElo "2083"]
[TimeControl "180+2"]
[EndTime "13:51:42 PST"]
[Termination "Chessalary won by resignation"]

1. e4 c5 2. Nf3 d6 3. d4 cxd4 4. c3 d3 5. Bxd3 Nc6 6. Bf4 Nf6 7. Qe2 Bg4 8. h3 Bh5 9. g4 Bg6 10. Na3 a6 11. O-O-O e6 12. e5 Bxd3 13. Rxd3 Nd5 14. Rxd5 exd5 15. exd6+ Kd7 16. Nc4 dxc4 17. Ne5+ Nxe5 18.
Qxe5 Qf6 19. Qe4 Rb8 20. Qxc4 Rc8 21. Qe4 Rc6 22. Re1 Qe6 23. Be5 Bxd6 24. Qd4 Kc7 25. f4 Bxe5 26. Rxe5 Rd8 27. Qe4 Qxa2 28. Re7+ Kb8 29.
Qe5+ Ka8 0-1

[Event "*** Titled Tuesday Blitz"]
[Site "Chess.com"]
[Date "2020.01.07"]
[Round "4"]
[White "DrRiebert"]
[Black "OparinGrigoriy"]
[Result "0-1"]
[WhiteElo "2374"]
[BlackElo "3036"]
[TimeControl "180+2"]
[EndTime "13:51:45 PST"]
[Termination "OparinGrigoriy won by resignation"]

1. e4 e5 2. Nf3 Nc6 3. d4 exd4 4. Nxd4 Bc5 5. Nb3 Bb6 6. Nc3 d6 7. Qe2 a5 8. a4 Nf6 9. Be3 Bxe3 10. Qxe3 O-O 11. f3 Be6 12. Nd4 Nb4 13. Bd3 Qe7 14. O-O c6 15. Rfe1 Nd7 16. f4 Nc5 17. Rad1 Rae8 18.
Qf2 Bc8 19. h3 Qf6 20. Kh2 Re7 21. g3 Rfe8 22. Nf3 Qh6 23. Qf1 Bg4 24. Re3 d5 25.
Be2 Nxc2 0-1

[Event "*** Titled Tuesday Blitz"]
[Site "Chess.com"]
[Date "2020.01.07"]
[Round "4"]
[White "vlad_Sid"]
[Black "Sjakkerntobi"]
[Result "1-0"]
[WhiteElo "2600"]
[BlackElo "2296"]
[TimeControl "180+2"]
[EndTime "13:51:47 PST"]
[Termination "vlad_Sid won by checkmate"]

1. c4 c5 2. g3 g6 3. Bg2 Bg7 4. Nc3 Nc6 5. Nf3 d6 6. O-O Bf5 7. Re1 Qd7 8. Bh1 h5 9. d3 Bh3 10. Ne4 h4 11. Nxh4 O-O-O 12. Nf3 Nf6 13. Neg5 Rdf8 14.
Nxh3 Qxh3 15. Bg2 Qh5 16. Rb1 Nd4 17. h4 Ng4 18. e3 Nf5 19. b4 Bc3 20. Bd2 Bf6 21.
bxc5 dxc5 22. Qa4 a6 23. Rxb7 Kxb7 24. Rb1+ Kc7 25. Qxa6 Nd6 26. Qa7+ Kd8 27. Rb8+ Nc8 28. Ba5+ Ke8 29. Rxc8# 1-0

[Event "*** Titled Tuesday Blitz"]
[Site "Chess.com"]
[Date "2020.01.07"]
[Round "4"]
[White "WelshTiger"]
[Black "masrahi"]
[Result "1-0"]
[WhiteElo "2382"]
[BlackElo "1992"]
[TimeControl "180+2"]
[EndTime "13:51:52 PST"]
[Termination "WelshTiger won by resignation"]

1. e4 c5 2. Nf3 e6 3. d4 cxd4 4. Nxd4 Nc6 5. Nb5 Nf6 6. Bf4 e5 7. Bg5 Be7 8. Bxf6 gxf6 9. Nd6+ Bxd6 10. Qxd6 Qe7 11. Qxe7+ Kxe7 12. Nc3 a6 13. Nd5+ Ke6 14. Nc7+ Ke7 15. Nxa8 Nb4 16. Bd3 d5 17. a3 Nc6 18.
exd5 Nd4 19. Nb6 f5 20. Nxc8+ Rxc8 21. O-O e4 22. c3 Nb3 23. Bc2 Nxa1 24. Rxa1 Kd6 25.
Rd1 b5 26. g3 f6 27. Kf1 a5 28. Rd4 Rc5 29. Bb3 a4 30. Ba2 h5 31. Ke2 Rc8 32.
Ke3 Ke5 33. f4+ exf3 34. Kxf3 h4 35. d6 hxg3 36. hxg3 Rd8 37. Rd5+ Ke6 38. Rxb5+ Kxd6 39. Rd5+ Kc7 40. Rxd8 Kxd8 41. Bc4 1-0

[Event "*** Titled Tuesday Blitz"]
[Site "Chess.com"]
[Date "2020.01.07"]
[Round "4"]
[White "Everyfishknows"]
[Black "Blagorod"]
[Result "1-0"]
[WhiteElo "2338"]
[BlackElo "2095"]
[TimeControl "180+2"]
[EndTime "13:52:04 PST"]
[Termination "Everyfishknows won by resignation"]

1. Nf3 Nc6 2. e4 e5 3. Bb5 a6 4.
Ba4 Nf6 5. O-O b5 6. Bb3 Be7 7. d4 exd4 8. e5 Ne4 9. Re1 Nc5 10. Bd5 O-O 11. Nxd4 Bb7 12. Nxc6 Bxc6 13. Bxc6 dxc6 14. Be3 Qxd1 15. Rxd1 Rfd8 16. Nd2 Rd7 17. Nb3 Nxb3 18.
Rxd7 Nxa1 19. Rxe7 Nxc2 20. Bc5 Rd8 21. h3 g6 22.
Rxc7 Rd5 23. Rc8+ Kg7 24. Bf8+ Kg8 25. Bh6+ 1-0

[Event "*** Titled Tuesday Blitz"]
[Site "Chess.com"]
[Date "2020.01.07"]
[Round "4"]
[White "Sergey85Rodchenkov"]
[Black "tomozupan"]
[Result "1-0"]
[WhiteElo "2470"]
[BlackElo "2194"]
[TimeControl "180+2"]
[EndTime "13:52:06 PST"]
[Termination "Sergey85Rodchenkov won by checkmate"]

1. e4 e5 2. Nf3 Nc6 3. Bc4 Bc5 4. c3 Nf6 5. d3 d6 6. O-O O-O 7.
Bb3 a6 8. Nbd2 Ba7 9. h3 Ne7 10. Re1 c6 11. Nf1 Ng6 12. Ng3 h6 13. d4 Qc7 14. Be3 Be6 15. Bc2 Rad8 16. Qd2 b5 17. a4 Bb6 18. Nf5 Bxf5 19. exf5 Ne7 20. Bxh6 gxh6 21. Qxh6 Ned5 22. Ng5 exd4 23. Re4 dxc3 24. Rh4 Bxf2+ 25. Kxf2 Qb6+ 26. Kf1 Ne3+ 27. Ke2 Rfe8 28.
Qh8# 1-0

[Event "*** Titled Tuesday Blitz"]
[Site "Chess.com"]
[Date "2020.01.07"]
[Round "4"]
[White "kleinebeer98"]
[Black "Federtiu"]
[Result "0-1"]
[WhiteElo "2677"]
[BlackElo "2537"]
[TimeControl "180+2"]
[EndTime "13:52:10 PST"]
[Termination "Federtiu won by resignation"]

1. e4 g6 2. h4 d5 3. exd5 Nf6 4. Nc3 Bg7 5. h5 gxh5 6. d4 Bg4 7. Be2 c6 8. dxc6 Nxc6 9. Be3 Rc8 10. Bxg4 hxg4 11. Nge2 h5 12. a3 e5 13. dxe5 Nxe5 14. Ng3 Qa5 15. Qe2 O-O 16. O-O h4 17. Nge4 Nxe4 18.
Nxe4 f5 19. Nd6 f4 20. Bd4 f3 21. Qe3 fxg2 22. Kxg2 Qd5+ 0-1

[Event "*** Titled Tuesday Blitz"]
[Site "Chess.com"]
[Date "2020.01.07"]
[Round "4"]
[White "saraswathii"]
[Black "wild_cat99"]
[Result "0-1"]
[WhiteElo "2211"]
[BlackElo "2407"]
[TimeControl "180+2"]
[EndTime "13:52:10 PST"]
[Termination "wild_cat99 won on time"]

1. e4 c5 2. d3 d5 3. exd5 Qxd5 4. Nc3 Qd8 5. Nf3 Nf6 6. Be2 a6 7.
O-O e6 8. Re1 Be7 9. Be3 O-O 10.
d4 cxd4 11. Nxd4 e5 12. Nf3 Ng4 13. Qc1 Nc6 14. h3 Nxe3 15. Qxe3 Qa5 16. a3 Be6 17. Bd3 f5 18. Nxe5 Rac8 0-1

[Event "*** Titled Tuesday Blitz"]
[Site "Chess.com"]
[Date "2020.01.07"]
[Round "4"]
[White "TwentyHourADay"]
[Black "ural58"]
[Result "1-0"]
[WhiteElo "2218"]
[BlackElo "2344"]
[TimeControl "180+2"]
[EndTime "13:52:15 PST"]
[Termination "TwentyHourADay won by resignation"]

1. Nf3 d5 2. e3 Nc6 3. c4 dxc4 4.
Bxc4 e5 5. Nc3 Bd6 6. h3 Nf6 7. d4 exd4 8. exd4 O-O 9. O-O Bf5 10. Bg5 h6 11. Bh4 g5 12. Nxg5 hxg5 13. Bxg5 Be7 14.
Re1 Nh7 15. Bh6 Re8 16. Qh5 Qxd4 17. Bxf7+ Kh8 18. Bxe8 Qf6 19. Bxc6 bxc6 20. Rxe7 Qxe7 21. Qxf5 1-0

[Event "*** Titled Tuesday Blitz"]
[Site "Chess.com"]
[Date "2020.01.07"]
[Round "4"]
[White "Pultis"]
[Black "Mikhail_Golubev"]
[Result "1-0"]
[WhiteElo "2847"]
[BlackElo "2613"]
[TimeControl "180+2"]
[EndTime "13:52:19 PST"]
[Termination "Pultis won by resignation"]

1. Nf3 d6 2. d4 Nf6 3. c4 g6 4. Nc3 Bg7 5. e4 O-O 6. Be3 e5 7. d5 Na6 8. h3 Nh5 9. g3 f5 10. exf5 gxf5 11. Nxe5 Qe8 12. Be2 Qxe5 13. Bxh5 f4 14. gxf4 Rxf4 15. Be2 Rf8 16. Rg1 Qh2 17. Rxg7+ Kxg7 18. Qd4+ Qe5 19. Qh4 Kg8 20. O-O-O Rf6 21. Rg1+ Rg6 22. Rxg6+ hxg6 23. Bd4 Qf5 24. Ne4 Nc5 25.
Qh8+ Kf7 26. Qg7+ 1-0

[Event "*** Titled Tuesday Blitz"]
[Site "Chess.com"]
[Date "2020.01.07"]
[Round "4"]
[White "ehrenfeld"]
[Black "Gareth-Bale11"]
[Result "0-1"]
[WhiteElo "2537"]
[BlackElo "2727"]
[TimeControl "180+2"]
[EndTime "13:52:21 PST"]
[Termination "Gareth-Bale11 won by resignation"]

1. e4 e5 2. Nc3 Nf6 3. f4 d5 4. fxe5 Nxe4 5. Qf3 Nxc3 6. dxc3 Be7 7. Bf4 O-O 8.
O-O-O Be6 9. Ne2 c5 10. Kb1 Qa5 11. Nc1 Nc6 12. Qg3 Rfb8 13. h4 b5 14. h5 Kh8 15.
h6 g6 16. Bg5 Qd8 17. Bxe7 Qxe7 18. Be2 b4 19. cxb4 Nxb4 20. Qf4 c4 21. Qf6+ Qxf6 22.
exf6 Bf5 23. a3 Bxc2+ 24. Ka1 Bxd1 25. Rxd1 Nc2+ 26. Kb1 Nxa3+ 27. Ka2 Nc2 28. Bf3 Nb4+ 29. Kb1 Rb6 30. Ne2 Rxf6 31. Nc3 Rb8 0-1

[Event "*** Titled Tuesday Blitz"]
[Site "Chess.com"]
[Date "2020.01.07"]
[Round "4"]
[White "JakubPulpan"]
[Black "chigorin28"]
[Result "1/2-1/2"]
[WhiteElo "2642"]
[BlackElo "2452"]
[TimeControl "180+2"]
[EndTime "13:52:27 PST"]
[Termination "Game drawn by repetition"]

1. e4 c5 2. Nf3 d6 3. d4 cxd4 4.
Qxd4 Nc6 5. Bb5 Bd7 6. Bxc6 Bxc6 7. Nc3 Nf6 8. Bg5 e6 9. O-O-O Be7 10. Bxf6 Bxf6 11.
Qxd6 Qxd6 12. Rxd6 Bxc3 13. bxc3 Bxe4 14. Ne5 Rc8 15.
f3 Bd5 16. c4 Bxc4 17. Nxc4 Rxc4 18. Rhd1 O-O 19. Rd7 b5 20. Rxa7 Rfc8 21. Rd2 h6 22. Rb7 R8c5 23. Kb2 Rb4+ 24. Kc1 Ra4 25. Rd8+ Kh7 26.
Rxf7 Rxa2 27. Rd2 Kg6 28. Rb7 Ra1+ 29. Kb2 Rh1 30. h3 Re1 31. Rbd7 Kf6 32. R7d4 g5 33. Rd8 h5 34. Rh8 h4 35. Rf8+ Ke5 36. Rf2 Rc4 37. Rb8 Rc5 38. Rg8 Kf4 39. Rd2 Kg3 40. f4 Kxf4 41. Rd4+ Kg3 42. Rg4+ Kf2 43. R8xg5 Rxg5 44. Rxg5 e5 45. Kc3 e4 46. Rxb5 Kxg2 47. Kd2 Rf1 48. Ke3 Re1+ 49. Kd2 Rf1 50. Ke3 Re1+ 51. Kd2 1/2-1/2

[Event "*** Titled Tuesday Blitz"]
[Site "Chess.com"]
[Date "2020.01.07"]
[Round "4"]
[White "ChessyInstinct"]
[Black "PaulfromSPb"]
[Result "1-0"]
[WhiteElo "2469"]
[BlackElo "2648"]
[TimeControl "180+2"]
[EndTime "13:52:29 PST"]
[Termination "ChessyInstinct won by checkmate"]

1. d4 Nf6 2. c4 e6 3. g3 c5 4. d5 exd5 5. cxd5 b5 6. Bg2 d6 7. e4 Nbd7 8. Ne2 g6 9. O-O Bg7 10. a4 b4 11. Nd2 O-O 12. Nc4 Nb6 13. Na5 Ba6 14. Nc6 Qc7 15. Re1 Rfe8 16. Nf4 Nfd7 17.
a5 Nc4 18. Nd3 Nde5 19. Ndxe5 Nxe5 20. Nxe5 Bxe5 21. Qc2 Rab8 22. f4 Bd4+ 23. Be3 b3 24. Qd2 Rb4 25. Bxd4 Rxd4 26. Qc3 Rd3 27. Qf6 c4 28. e5 Qc5+ 29. Kh1 Qf2 30. e6 fxe6 31.
dxe6 Rf8 32. Qxf8+ Kxf8 33. e7+ Kg7 34. e8=Q Rd2 35.
Re7+ Kh6 36. Qf8+ Kh5 37. Rxh7+ Kg4 38. Rh4# 1-0

[Event "*** Titled Tuesday Blitz"]
[Site "Chess.com"]
[Date "2020.01.07"]
[Round "4"]
[White "RaunakSadhwani2005"]
[Black "Induwara_IM"]
[Result "1-0"]
[WhiteElo "2738"]
[BlackElo "2364"]
[TimeControl "180+2"]
[EndTime "13:52:29 PST"]
[Termination "RaunakSadhwani2005 won by resignation"]

1. e4 c5 2. Nf3 e6 3. g3 a6 4. Bg2 b5 5. O-O Bb7 6. Re1 d6 7. c3 Nf6 8. d3 Nbd7 9. Nbd2 g6 10. Nf1 Bg7 11. Bf4 e5 12. Bg5 h6 13. Bxf6 Nxf6 14.
Ne3 O-O 15. a4 Qb6 16. axb5 axb5 17. Qd2 Bc6 18. b4 cxb4 19. cxb4 Ra4 20. Rac1 Rfa8 21.
Qc3 Bd7 22. h3 Be6 23. Red1 Ra3 24. Qc6 Qxc6 25. Rxc6 Bf8 26. d4 Nxe4 27. dxe5 dxe5 28. Nxe5 Nxg3 29. Rxe6 fxe6 30. Bxa8 Ne2+ 31. Kf1 Nf4 32.
Bc6 Bxb4 33. Bxb5 Bc5 34. Rd8+ Kg7 35. Rd7+ Kg8 36. Kg1 Nxh3+ 37. Kg2 Nf4+ 38. Kf3 Nd5 39. Nxg6 Bxe3 40. fxe3 Rxe3+ 41. Kf2 Rb3 42. Bc4 Rb2+ 43. Kf3 h5 44. Ra7 Rb4 45. Bd3 h4 46. Ne5 Rf4+ 47. Kg2 Rd4 48. Bh7+ Kf8 49. Rf7+ Ke8 50. Bg6 Rd2+ 51.
Rf2+ 1-0

[Event "*** Titled Tuesday Blitz"]
[Site "Chess.com"]
[Date "2020.01.07"]
[Round "4"]
[White "2165149677570"]
[Black "AleksanderHnydiuk"]
[Result "0-1"]
[WhiteElo "2274"]
[BlackElo "2429"]
[TimeControl "180+2"]
[EndTime "13:52:29 PST"]
[Termination "AleksanderHnydiuk won by resignation"]

1. d4 Nf6 2. Nf3 g6 3. Bf4 Bg7 4. e3 c5 5. d5 b5 6. Nc3 Qa5 7.
Qd2 b4 8. Nb5 d6 9. Bxd6 exd6 10.
Nxd6+ Ke7 11. Nc4 Qd8 12. d6+ Kf8 13. h4 Bb7 14. O-O-O Nbd7 15. Ng5 h6 16. Nh3 Ne4 17. Qe1 Qxh4 18. f3 Qxe1 19. Rxe1 Ng3 20. Rg1 Ba6 21. Ne5 Nxe5 22. Bxa6 Rd8 23. f4 Ng4 24. d7 Nf6 25. Bc8 Nxd7 26. Bxd7 Rxd7 0-1

[Event "*** Titled Tuesday Blitz"]
[Site "Chess.com"]
[Date "2020.01.07"]
[Round "4"]
[White "GremioPrudente"]
[Black "Ariadna_Atreides"]
[Result "1-0"]
[WhiteElo "2265"]
[BlackElo "2051"]
[TimeControl "180+2"]
[EndTime "13:52:32 PST"]
[Termination "GremioPrudente won by resignation"]

1. Nf3 d5 2. d4 Nf6 3. c4 e6 4.
Nc3 Bb4 5. Qa4+ Nc6 6. e3 O-O 7. Bd2 Bd7 8. Qc2 a6 9. a3 Bxc3 10. Bxc3 Ne4 11. Bd3 f5 12. cxd5 exd5 13. Rc1 Qe8 14. O-O Qh5 15. Qb3 Qf7 16. Qxb7 Rfc8 17. Bxe4 dxe4 18. Ne5 Nxe5 19. dxe5 Be6 20. Rfd1 Rcb8 21.
Qc6 Rb5 22. Qxa8+ 1-0

[Event "*** Titled Tuesday Blitz"]
[Site "Chess.com"]
[Date "2020.01.07"]
[Round "4"]
[White "nurgyulsalimova"]
[Black "Kosche007"]
[Result "0-1"]
[WhiteElo "2593"]
[BlackElo "2380"]
[TimeControl "180+2"]
[EndTime "13:52:34 PST"]
[Termination "Kosche007 won by resignation"]

1. c4 g6 2. Nc3 Bg7 3. g3 Nf6 4. Bg2 O-O 5. Nf3 d6 6. O-O Nc6 7.
d3 Nh5 8. Bd2 f5 9. Rb1 a5 10.
a3 f4 11. b4 axb4 12. axb4 Bg4 13. b5 Nd4 14. Nxd4 Bxd4 15. Kh1 Qd7 16. Bxb7 fxg3 17. fxg3 Nxg3+ 18. hxg3 Bf3+ 19. Kh2 Bxb7 20. e3 Bxc3 21.
Bxc3 Ra2+ 22. Rb2 Rxb2+ 23. Bxb2 Rxf1 24. Qxf1 Qg4 25. Bc3 Qh5+ 26. Kg1 Qh1+ 27. Kf2 Qf3+ 28. Ke1 Qxe3+ 29. Qe2 Qc1+ 30. Kf2 Qxc3 31. Qe6+ Kf8 0-1

[Event "*** Titled Tuesday Blitz"]
[Site "Chess.com"]
[Date "2020.01.07"]
[Round "4"]
[White "coolthing"]
[Black "hazy13"]
[Result "1-0"]
[WhiteElo "2347"]
[BlackElo "2207"]
[TimeControl "180+2"]
[EndTime "13:52:34 PST"]
[Termination "coolthing won by checkmate"]

1. e4 c5 2. c3 Nf6 3. e5 Nd5 4. d4 cxd4 5. Nf3 Nc6 6. Bc4 Nb6 7.
Bb3 g6 8. cxd4 Bg7 9. O-O O-O 10. Re1 d6 11. e6 fxe6 12. Bxe6+ Bxe6 13. Rxe6 Rxf3 14. gxf3 Nxd4 15. Re4 Qd7 16. Rxd4 Bxd4 17. Qxd4 e5 18. Qg4 Qc6 19. Nc3 Rf8 20. Bh6 Rxf3 21.
Rd1 Rf6 22. Ne4 Rf4 23. Qe6+ Kh8 24. Bxf4 exf4 25. Ng5 Nc4 26. Qf6+ Kg8 27. Qf7+ Kh8 28. Qxh7# 1-0

[Event "*** Titled Tuesday Blitz"]
[Site "Chess.com"]
[Date "2020.01.07"]
[Round "4"]
[White "econpower"]
[Black "Eliwood44"]
[Result "1-0"]
[WhiteElo "2604"]
[BlackElo "2325"]
[TimeControl "180+2"]
[EndTime "13:52:38 PST"]
[Termination "econpower won by resignation"]

1. c4 e6 2. g3 d5 3. Bg2 Nf6 4.
Nf3 d4 5. O-O c5 6. d3 Nc6 7. e4 e5 8. Bg5 Be7 9. Bxf6 Bxf6 10.
a3 g5 11. Nbd2 h5 12. Ne1 h4 13. Nc2 hxg3 14. fxg3 Bh3 15. Bxh3 Rxh3 16. Qg4 Rh6 17.
b4 Qe7 18. bxc5 Nd8 19. Nb4 Qxc5 20. Nd5 Be7 21. Rf5 Re6 22. Qh5 Kd7 23. Qg4 Kc6 24.
Nb3 Qd6 25. Qd1 b6 26. a4 a5 27. Rb1 Nb7 28. Nxd4+ exd4 29. Rxb6+ Kd7 30. Rxb7+ Ke8 31. Nc7+ Kf8 32. Nxa8 Qc6 33. Qb3 Kg7 34. Nc7 Rg6 35. Nd5 Bb4 36. Rfxf7+ Kg8 37. Qd1 1-0

[Event "*** Titled Tuesday Blitz"]
[Site "Chess.com"]
[Date "2020.01.07"]
[Round "4"]
[White "Manukyan_Artak"]
[Black "mohssenbinaddi"]
[Result "1-0"]
[WhiteElo "2482"]
[BlackElo "2222"]
[TimeControl "180+2"]
[EndTime "13:52:38 PST"]
[Termination "Manukyan_Artak won by resignation"]

1. e4 c6 2. d4 d5 3. e5 Bf5 4. c4 e6 5. Nc3 Ne7 6. Nf3 Nd7 7. Nh4 dxc4 8. Bxc4 Nb6 9. Bb3 Bg6 10. O-O Nf5 11.
Nxf5 Bxf5 12. g4 Bg6 13. f4 h6 14. f5 exf5 15. gxf5 Bh7 16. e6 fxe6 17. Bxe6 Qh4 18. Rf4 Qf6 19. Ne4 Qe7 20. Qh5+ g6 21. fxg6 Qxe6 22.
g7+ Bg6 23. gxh8=Q Bxh5 24. Qxf8+ Kd7 25. Nc5+ 1-0

[Event "*** Titled Tuesday Blitz"]
[Site "Chess.com"]
[Date "2020.01.07"]
[Round "4"]
[White "lucasran"]
[Black "jefferyx"]
[Result "0-1"]
[WhiteElo "2664"]
[BlackElo "2918"]
[TimeControl "180+2"]
[EndTime "13:52:48 PST"]
[Termination "jefferyx won by resignation"]

1. Nf3 g6 2. d4 Bg7 3. c4 d6 4. Nc3 Nc6 5. d5 Ne5 6. Nxe5 Bxe5 7. e4 e6 8. Be2 Nf6 9. Qc2 exd5 10. cxd5 O-O 11. O-O Re8 12. Bg5 h6 13. Bxh6 Nxe4 14. Nxe4 Qh4 15. f4 Bd4+ 16. Kh1 Qxh6 17. Rad1 Qg7 18. b3 Bf5 19. Bd3 Re7 20. Ng3 Bxd3 21. Qxd3 Bb6 22. f5 Re3 23. Qc4 Rxg3 24. hxg3 g5 25.
Qg4 Qf6 26. Qh3 Kg7 27. g4 Rh8 28. Rf3 Rxh3+ 29. gxh3 Qe5 30. Rfd3 Qe4+ 31. Kh2 Qe2+ 32. Kh1 Be3 0-1

[Event "*** Titled Tuesday Blitz"]
[Site "Chess.com"]
[Date "2020.01.07"]
[Round "4"]
[White "Rakesh"]
[Black "Witik"]
[Result "0-1"]
[WhiteElo "2446"]
[BlackElo "2667"]
[TimeControl "180+2"]
[EndTime "13:52:49 PST"]
[Termination "Witik won by resignation"]

1. e4 c5 2. c3 e6 3. d4 d5 4. exd5 Qxd5 5. Nf3 Nf6 6. Bd3 Nc6 7. O-O Be7 8. Be3 cxd4 9. cxd4 O-O 10. Nc3 Qd6 11. a3 b6 12. Qe2 Bb7 13. Rad1 a6 14. Bb1 b5 15. Rfe1 Na5 16. Ne5 Rac8 17. Bf4 Nd5 18. Nxd5 Qxd5 19. Qg4 h5 20. Qh3 g6 21. Be4 Qxe4 22.
Rxe4 Bxe4 23. f3 Bd5 24. g4 Kh7 25. gxh5 g5 26. Bd2 Nc4 27. Nxc4 Rxc4 28. Qg4 f5 29. Qg3 Rc2 30. Bc3 g4 31. Qc7 Rf7 32. Rd2 Rc1+ 33. Kf2 Bh4+ 34. Ke3 Rxc7 0-1

[Event "*** Titled Tuesday Blitz"]
[Site "Chess.com"]
[Date "2020.01.07"]
[Round "4"]
[White "semchik73"]
[Black "SmirnovAlexandrA"]
[Result "0-1"]
[WhiteElo "2318"]
[BlackElo "2180"]
[TimeControl "180+2"]
[EndTime "13:52:51 PST"]
[Termination "SmirnovAlexandrA won by resignation"]

1. Nf3 f5 2. e4 fxe4 3. Ng5 Nf6 4. d3 e5 5. dxe4 h6 6. Nf3 Nc6 7. Nc3 Bb4 8. Bc4 d6 9. O-O Bg4 10. h3 Bh5 11. a3 Bxc3 12. bxc3 Qd7 13. Be2 g5 14.
Nxe5 Nxe5 15. Bxh5+ Nxh5 16. Qxh5+ Qf7 17. Qxf7+ Nxf7 18. f4 O-O 19. fxg5 Nxg5 20. Bxg5 hxg5 21. Rxf8+ Rxf8 22. Rf1 Re8 23. Re1 d5 24. e5 Kf7 25. Kf2 Ke6 26. Kf3 Rf8+ 27. Kg4 Rf2 28. g3 Rxc2 29. Kxg5 Rxc3 30. Kg4 d4 31. h4 d3 32. h5 d2 33. Rd1 Rd3 34. Kf4 c5 35. h6 Kf7 36. h7 Kg7 37. e6 Rd8 38. Ke5 c4 39.
Rh1 Kh8 40. e7 Re8 41. Kd4 Rxe7 42. Kxc4 Rxh7 43. Rd1 Rg7 44. Rxd2 Rxg3 45. Rd8+ Kg7 46. Rd7+ Kf6 47. Rxb7 Rxa3 48. Kb5 Rb3+ 49. Kc6 Rxb7 50. Kxb7 a5 0-1

[Event "*** Titled Tuesday Blitz"]
[Site "Chess.com"]
[Date "2020.01.07"]
[Round "4"]
[White "FearlessKing64"]
[Black "Bagirova"]
[Result "0-1"]
[WhiteElo "2275"]
[BlackElo "2123"]
[TimeControl "180+2"]
[EndTime "13:52:52 PST"]
[Termination "Bagirova won by resignation"]

1. e4 c5 2. Nf3 d6 3. d4 cxd4 4. Nxd4 Nf6 5. f3 a6 6. c4 e6 7. Nc3 Be7 8. Be2 O-O 9. O-O Qc7 10. Be3 Nc6 11. Rc1 Nxd4 12. Bxd4 Bd7 13. Qd2 Bc6 14. Nd5 Bxd5 15. cxd5 Qd7 16. dxe6 fxe6 17. Rfd1 Rac8 18.
Bc4 Kh8 19. Bb3 Nh5 20. Rxc8 Qxc8 21. Qh6 Nf6 22. Qe3 e5 23. Bc3 Nh5 24. Rc1 Nf4 25. g3 Qh3 26. gxf4 Rxf4 27. Bd1 Rg4+ 28. fxg4 Qxe3+ 0-1

[Event "*** Titled Tuesday Blitz"]
[Site "Chess.com"]
[Date "2020.01.07"]
[Round "4"]
[White "Firouzja2003"]
[Black "tigra"]
[Result "1-0"]
[WhiteElo "3068"]
[BlackElo "2758"]
[TimeControl "180+2"]
[EndTime "13:52:54 PST"]
[Termination "Firouzja2003 won by resignation"]

1. Nf3 e6 2. g3 b5 3. Bg2 Bb7 4. O-O Nf6 5. Na3 a6 6. b3 d5 7. Bb2 c5 8. d3 Be7 9. c4 bxc4 10. dxc4 O-O 11. cxd5 exd5 12. Rc1 Nbd7 13. Nh4 g6 14.
Nc4 Re8 15. Ne3 Nb6 16. Qd2 Bf8 17. Nef5 Ng4 18. h3 Ne5 19. Nh6+ Kg7 20. f4 Kxh6 21. fxe5+ Qg5 22. Qxg5+ Kxg5 23. Rxf7 Bc6 24. Rcf1 1-0

[Event "*** Titled Tuesday Blitz"]
[Site "Chess.com"]
[Date "2020.01.07"]
[Round "4"]
[White "pedromartinez91"]
[Black "Ar4uha"]
[Result "0-1"]
[WhiteElo "2370"]
[BlackElo "2603"]
[TimeControl "180+2"]
[EndTime "13:52:55 PST"]
[Termination "Ar4uha won on time"]

1. e4 d5 2. exd5 Nf6 3. Bb5+ Bd7 4. Bc4 Bg4 5. f3 Bf5 6. Nc3 Nbd7 7. g4 Nb6 8. b3 Bc8 9. Bb2 Nfxd5 10. Nxd5 Nxd5 11. Qe2 e6 12. O-O-O Be7 13. Bxd5 Qxd5 14. Bxg7 Rg8 15. Bb2 Bd7 16. Nh3 Bc6 17. Rhf1 O-O-O 18. Nf4 Qa5 19. Kb1 Bg5 20. Nd3 Bb5 21. c4 Bc6 22. f4 Be7 23. Ne5 Be8 24. Bc3 Qb6 25. d4 f6 26. Nf3 Bg6+ 27. Kb2 Qa6 28. a4 Qd6 29. c5 Qxf4 30. Qxe6+ Kb8 31. Ne5 Qxh2+ 32. Rd2 Qh3 33. Rf3 Qh1 34. Nd7+ Rxd7 35. Qxg8+ Rd8 36. Qe6 Qxf3 37. Qxe7 Re8 38. Qd7 Qe4 39. d5 Qb1+ 40.
Ka3 Qc1+ 41. Kb4 a5+ 42. Kc4 Qf1+ 0-1